[ AOE2 MATCH · #463507917 ]
UnrankedItalians vs Berbers
Player's team · LOSS
[ REPLAY ANALYSIS · EXTRACTED FROM THE RECORDED GAME ]
Feudal
9:34
Castle
19:49
Imperial
38:30
| APM avg | 39.6 |
| APM peak | 85 |
| eAPM avg | 21.7 |
| Villagers / military | 112 / 65 |
Focus
⚔️ 34.7% · 🌾 65.3%
Unknown (882) ×47 · Genoese Crossbowman ×34 · Archer ×17 · Spearman ×7 · Trebuchet (Packed) ×4 · Monk ×3
Feudal
9:46
Castle
21:14
Imperial
42:55
| APM avg | 25.3 |
| APM peak | 58 |
| eAPM avg | 12.7 |
| Villagers / military | 76 / 70 |
Focus
⚔️ 24.3% · 🌾 75.7%
Knight ×19 · Skirmisher ×15 · Scout Cavalry ×13 · Genitour ×8 · Camel Archer ×7 · Spearman ×5
Feudal
—
Castle
—
Imperial
—
| APM avg | 30.5 |
| APM peak | 95 |
| eAPM avg | 13.5 |
| Villagers / military | 93 / 133 |
Focus
⚔️ 35.6% · 🌾 64.4%
Knight ×63 · Obuch ×35 · Scout Cavalry ×25 · Spearman ×5 · Trebuchet (Packed) ×5 · Trade Cart ×1
Feudal
—
Castle
—
Imperial
—
| APM avg | 19.7 |
| APM peak | 56 |
| eAPM avg | 12.4 |
| Villagers / military | 110 / 131 |
Focus
⚔️ 36.4% · 🌾 63.6%
Spearman ×56 · Centurion ×42 · Militia ×33
Match map
Initial resources + every placement click. Lines = walls · curves = elevation contours. ◆ gold · ⬟ stone · ● berries · ✦ relic · ◌ wall gap
Inputs per minute
— mananga - - grumpyopossum86187
Build order — mananga
First 150 of 374 actions detected
| 0:01 | Create | Villager (Male) |
| 0:01 | Create | Villager (Male) |
| 0:03 | Build | House |
| 0:04 | Build | House |
| 0:54 | Create | Villager (Male) |
| 1:09 | Create | Villager (Male) |
| 1:39 | Create | Villager (Male) |
| 1:55 | Build | Lumber Camp |
| 2:01 | Create | Villager (Male) |
| 2:30 | Create | Villager (Male) |
| 2:49 | Create | Villager (Male) |
| 3:18 | Create | Villager (Male) |
| 3:45 | Create | Villager (Male) |
| 4:00 | Build | House |
| 4:03 | Build | House |
| 4:19 | Create | Villager (Male) |
| 4:20 | Create | Villager (Male) |
| 4:37 | Build | Mill |
| 5:02 | Create | Villager (Male) |
| 5:21 | Create | Villager (Male) |
| 5:42 | Create | Villager (Male) |
| 6:04 | Create | Villager (Male) |
| 6:17 | Research | Loom |
| 6:56 | Create | Villager (Male) |
| 7:24 | Research | Feudal Age |
| 8:10 | Build | Barracks |
| 8:29 | Create | Villager (Male) |
| 8:30 | Create | Villager (Male) |
| 8:58 | Build | House |
| 9:01 | Build | Palisade Wall |
| 9:07 | Build | House |
| 9:34 | Age | Feudal Age |
| 9:40 | Build | Archery Range |
| 10:09 | Research | Double-Bit Axe |
| 10:19 | Create | Villager (Male) |
| 10:31 | Research | Horse Collar |
| 10:48 | Create | Villager (Male) |
| 10:59 | Build | Farm |
| 11:19 | Build | Farm |
| 11:19 | Create | Villager (Male) |
| 11:45 | Create | Villager (Male) |
| 11:49 | Build | Farm |
| 12:06 | Create | Villager (Male) |
| 12:14 | Build | Farm |
| 12:24 | Create | Villager (Male) |
| 12:34 | Build | House |
| 12:36 | Build | Palisade Wall |
| 12:40 | Create | Villager (Male) |
| 13:02 | Build | Mining Camp |
| 13:09 | Build | Farm |
| 13:17 | Create | Villager (Male) |
| 13:31 | Build | House |
| 13:34 | Build | Palisade Wall |
| 13:47 | Build | Farm |
| 13:48 | Build | Farm |
| 13:48 | Build | Farm |
| 13:48 | Build | Farm |
| 13:48 | Build | Farm |
| 13:52 | Create | Villager (Male) |
| 14:00 | Create | Archer |
| 14:20 | Build | Farm |
| 14:24 | Build | Farm |
| 14:27 | Create | Villager (Male) |
| 14:36 | Build | Farm |
| 14:45 | Build | Farm |
| 14:57 | Build | Farm |
| 15:00 | Create | Villager (Male) |
| 15:28 | Create | Villager (Male) |
| 15:39 | Build | Blacksmith |
| 16:13 | Build | Farm |
| 16:17 | Create | Villager (Male) |
| 16:43 | Create | Villager (Male) |
| 17:00 | Create | Archer |
| 17:09 | Research | Castle Age |
| 17:20 | Build | Archery Range |
| 17:38 | Build | Market |
| 17:49 | Build | House |
| 17:52 | Build | Palisade Wall |
| 18:11 | Research | Fletching |
| 18:15 | Create | Archer |
| 18:22 | Research | Gold Mining |
| 19:00 | Create | Archer |
| 19:00 | Create | Archer |
| 19:21 | Build | House |
| 19:37 | Build | Palisade Gate |
| 19:45 | Create | Villager (Male) |
| 19:46 | Create | Villager (Male) |
| 19:49 | Age | Castle Age |
| 19:50 | Create | Archer |
| 19:50 | Create | Archer |
| 20:32 | Build | Monastery |
| 20:39 | Create | Villager (Male) |
| 20:40 | Create | Villager (Male) |
| 20:49 | Research | Crossbowman (upgrade) |
| 21:06 | Create | Villager (Male) |
| 21:20 | Build | Town Center |
| 21:38 | Research | Bodkin Arrow |
| 21:47 | Build | University |
| 22:31 | Create | Villager (Male) |
| 22:32 | Create | Villager (Male) |
| 22:32 | Create | Villager (Male) |
| 22:32 | Create | Villager (Male) |
| 22:50 | Create | Archer |
| 22:50 | Create | Archer |
| 22:50 | Create | Archer |
| 22:51 | Create | Archer |
| 22:51 | Create | Archer |
| 22:52 | Create | Archer |
| 22:52 | Research | Thumb Ring |
| 23:06 | Build | Farm |
| 23:09 | Create | Villager (Male) |
| 23:10 | Create | Villager (Male) |
| 23:10 | Create | Villager (Male) |
| 23:24 | Create | Villager (Male) |
| 23:24 | Create | Villager (Male) |
| 24:14 | Create | Villager (Male) |
| 24:15 | Create | Villager (Male) |
| 24:15 | Create | Villager (Male) |
| 24:25 | Build | Barracks |
| 24:29 | Create | Villager (Male) |
| 24:30 | Create | Villager (Male) |
| 24:35 | Create | Archer |
| 24:36 | Create | Archer |
| 24:36 | Create | Archer |
| 24:37 | Create | Archer |
| 24:51 | Build | Building 804 |
| 25:14 | Build | House |
| 25:15 | Build | House |
| 25:16 | Build | House |
| 25:33 | Research | Bow Saw |
| 25:54 | Research | Pikeman (upgrade) |
| 26:03 | Create | Spearman |
| 26:04 | Create | Spearman |
| 26:04 | Create | Spearman |
| 26:04 | Create | Spearman |
| 26:05 | Create | Spearman |
| 26:29 | Create | Villager (Male) |
| 26:29 | Create | Villager (Male) |
| 26:41 | Build | Farm |
| 26:41 | Build | Farm |
| 26:41 | Build | Farm |
| 26:41 | Build | Farm |
| 26:42 | Build | Farm |
| 26:44 | Build | Farm |
| 27:00 | Build | House |
| 27:05 | Create | Spearman |
| 27:05 | Create | Spearman |
| 29:02 | Build | Town Center |
| 29:25 | Build | Castle |
| 29:30 | Create | Villager (Male) |
Build order — grumpyopossum86187
First 150 of 230 actions detected
| 0:05 | Build | House |
| 0:06 | Build | House |
| 0:07 | Create | Villager (Male) |
| 0:07 | Create | Villager (Male) |
| 0:33 | Create | Villager (Male) |
| 0:36 | Create | Villager (Male) |
| 1:34 | Create | Villager (Male) |
| 2:06 | Build | Lumber Camp |
| 2:26 | Create | Villager (Male) |
| 2:32 | Create | Villager (Male) |
| 2:57 | Create | Villager (Male) |
| 3:24 | Create | Villager (Male) |
| 3:56 | Create | Villager (Male) |
| 4:04 | Build | House |
| 4:11 | Build | Mill |
| 4:40 | Create | Villager (Male) |
| 5:15 | Create | Villager (Male) |
| 5:16 | Create | Villager (Male) |
| 5:52 | Create | Villager (Male) |
| 6:00 | Build | House |
| 6:10 | Build | House |
| 6:24 | Create | Villager (Male) |
| 6:49 | Build | House |
| 6:50 | Build | House |
| 6:52 | Build | House |
| 6:58 | Create | Villager (Male) |
| 7:26 | Build | House |
| 7:28 | Build | House |
| 7:34 | Build | House |
| 7:36 | Research | Feudal Age |
| 8:20 | Build | Palisade Wall |
| 8:48 | Build | Palisade Wall |
| 9:00 | Build | House |
| 9:14 | Build | Building 796 |
| 9:29 | Build | Barracks |
| 9:46 | Age | Feudal Age |
| 10:06 | Build | Mining Camp |
| 10:13 | Create | Villager (Male) |
| 10:13 | Create | Villager (Male) |
| 10:13 | Create | Villager (Male) |
| 10:15 | Create | Villager (Male) |
| 10:27 | Build | House |
| 10:52 | Build | Palisade Wall |
| 10:56 | Build | Palisade Wall |
| 11:21 | Build | Blacksmith |
| 11:25 | Build | House |
| 11:30 | Research | Double-Bit Axe |
| 12:01 | Build | Market |
| 12:20 | Build | Farm |
| 12:28 | Build | House |
| 12:41 | Build | Building 487 |
| 12:45 | Build | Stone Wall |
| 13:06 | Build | Mill |
| 13:17 | Build | Palisade Wall |
| 13:23 | Build | Stable |
| 13:27 | Build | House |
| 13:45 | Create | Villager (Male) |
| 13:59 | Create | Villager (Male) |
| 13:59 | Create | Villager (Male) |
| 14:13 | Create | Spearman |
| 14:34 | Build | Farm |
| 14:37 | Build | Farm |
| 14:40 | Research | Horse Collar |
| 14:50 | Build | House |
| 15:22 | Build | Farm |
| 16:19 | Build | Stable |
| 16:34 | Build | Stone Wall |
| 16:47 | Create | Spearman |
| 16:47 | Create | Spearman |
| 16:58 | Build | House |
| 17:00 | Build | House |
| 17:02 | Build | House |
| 17:05 | Build | House |
| 17:26 | Create | Spearman |
| 18:01 | Create | Spearman |
| 18:05 | Research | Loom |
| 18:30 | Build | Farm |
| 18:31 | Build | Farm |
| 18:32 | Build | Farm |
| 18:34 | Research | Castle Age |
| 18:54 | Build | House |
| 19:01 | Build | House |
| 19:02 | Build | House |
| 19:34 | Build | House |
| 19:40 | Build | Stone Wall |
| 20:26 | Build | Building 487 |
| 20:45 | Build | Mining Camp |
| 20:59 | Build | Stable |
| 21:14 | Age | Castle Age |
| 21:15 | Build | Stable |
| 21:20 | Build | Farm |
| 21:22 | Create | Villager (Male) |
| 21:22 | Create | Villager (Male) |
| 21:22 | Create | Villager (Male) |
| 21:26 | Research | Bloodlines |
| 21:27 | Research | Husbandry |
| 22:19 | Build | Lumber Camp |
| 22:26 | Create | Knight |
| 22:28 | Create | Knight |
| 22:29 | Create | Knight |
| 22:53 | Create | Knight |
| 23:16 | Create | Knight |
| 24:03 | Create | Knight |
| 24:03 | Create | Knight |
| 24:16 | Build | Farm |
| 24:20 | Build | Farm |
| 25:04 | Create | Knight |
| 25:13 | Create | Villager (Male) |
| 25:13 | Create | Villager (Male) |
| 25:14 | Create | Villager (Male) |
| 25:29 | Build | Monastery |
| 26:37 | Create | Knight |
| 27:03 | Create | Villager (Male) ×5 |
| 27:03 | Create | Villager (Male) |
| 28:23 | Research | Wheelbarrow |
| 28:47 | Research | Stone Mining |
| 29:11 | Create | Monk |
| 29:30 | Build | Archery Range |
| 29:32 | Build | House |
| 31:24 | Build | Farm |
| 31:29 | Build | Farm |
| 31:36 | Build | Farm |
| 31:37 | Build | Farm |
| 31:53 | Research | Bow Saw |
| 31:55 | Research | Heavy Plow |
| 32:04 | Research | Elite Skirmisher (upgrade) |
| 32:23 | Create | Genitour |
| 32:23 | Create | Genitour |
| 32:23 | Create | Genitour |
| 32:24 | Research | Thumb Ring |
| 32:29 | Build | Farm |
| 33:16 | Create | Villager (Male) |
| 33:16 | Create | Villager (Male) |
| 33:16 | Create | Villager (Male) |
| 33:29 | Build | Castle |
| 33:38 | Create | Genitour |
| 33:39 | Create | Genitour |
| 33:54 | Create | Villager (Male) |
| 33:55 | Create | Villager (Male) |
| 33:55 | Create | Villager (Male) |
| 34:23 | Create | Villager (Male) |
| 35:19 | Create | Trade Cart |
| 35:20 | Create | Trade Cart |
| 35:20 | Create | Trade Cart |
| 35:52 | Build | Mining Camp |
| 35:56 | Create | Villager (Male) |
| 35:56 | Create | Villager (Male) |
| 35:57 | Create | Villager (Male) |
| 35:57 | Create | Villager (Male) |
| 35:57 | Create | Villager (Male) |
Build order — Landroshien
First 150 of 373 actions detected
| 0:02 | Build | House |
| 0:03 | Build | House |
| 0:05 | Create | Villager (Male) |
| 0:05 | Create | Villager (Male) |
| 0:05 | Create | Villager (Male) |
| 0:05 | Create | Villager (Male) |
| 1:56 | Build | Lumber Camp |
| 1:57 | Create | Villager (Male) |
| 2:09 | Create | Villager (Male) |
| 2:09 | Create | Villager (Male) |
| 2:09 | Create | Villager (Male) |
| 2:48 | Create | Villager (Male) |
| 3:07 | Create | Villager (Male) |
| 3:19 | Build | House |
| 3:47 | Create | Villager (Male) |
| 3:48 | Create | Villager (Male) |
| 3:48 | Create | Villager (Male) |
| 4:59 | Create | Villager (Male) |
| 5:30 | Build | House |
| 5:43 | Create | Villager (Male) |
| 6:15 | Create | Villager (Male) |
| 6:15 | Create | Villager (Male) |
| 6:54 | Create | Villager (Male) |
| 6:54 | Create | Villager (Male) |
| 6:54 | Create | Villager (Male) |
| 6:54 | Create | Villager (Male) |
| 6:55 | Create | Villager (Male) |
| 7:31 | Build | Mill |
| 8:04 | Research | Loom |
| 8:28 | Research | Feudal Age |
| 8:47 | Build | Mining Camp |
| 9:09 | Build | Palisade Wall |
| 9:24 | Build | Palisade Wall |
| 10:02 | Build | Barracks |
| 10:57 | Build | Stable |
| 11:10 | Build | Palisade Wall |
| 11:24 | Build | House |
| 11:29 | Build | House |
| 11:44 | Create | Villager (Male) |
| 11:44 | Create | Villager (Male) |
| 11:45 | Create | Villager (Male) |
| 11:45 | Create | Villager (Male) |
| 11:53 | Create | Scout Cavalry |
| 11:53 | Create | Scout Cavalry |
| 11:53 | Create | Scout Cavalry |
| 11:53 | Create | Scout Cavalry |
| 12:00 | Build | Blacksmith |
| 12:14 | Build | Palisade Wall |
| 12:29 | Build | Palisade Wall |
| 12:51 | Build | Farm |
| 13:02 | Build | Farm |
| 13:11 | Create | Villager (Male) |
| 13:17 | Create | Scout Cavalry |
| 13:44 | Build | Farm |
| 13:49 | Create | Villager (Male) |
| 13:56 | Build | House |
| 14:05 | Create | Scout Cavalry |
| 14:11 | Build | Farm |
| 14:20 | Build | Farm |
| 14:31 | Build | House |
| 14:49 | Research | Forging |
| 15:02 | Build | Farm |
| 15:06 | Build | Farm |
| 15:16 | Build | Farm |
| 15:29 | Create | Villager (Male) |
| 15:29 | Create | Villager (Male) |
| 15:30 | Create | Villager (Male) |
| 15:59 | Build | Farm |
| 16:01 | Build | Farm |
| 16:04 | Build | Farm |
| 16:25 | Build | Farm |
| 16:37 | Build | Farm |
| 16:41 | Create | Villager (Male) |
| 16:41 | Create | Villager (Male) |
| 16:41 | Create | Villager (Male) |
| 17:22 | Create | Spearman |
| 17:23 | Create | Spearman |
| 17:23 | Create | Spearman |
| 17:54 | Research | Bloodlines |
| 18:26 | Create | Villager (Male) |
| 18:26 | Create | Villager (Male) |
| 18:27 | Create | Villager (Male) |
| 18:27 | Create | Villager (Male) |
| 19:19 | Research | Scale Barding Armor |
| 19:20 | Create | Villager (Male) |
| 19:21 | Create | Villager (Male) |
| 19:23 | Build | Farm |
| 19:25 | Build | Farm |
| 19:28 | Build | Farm |
| 19:30 | Build | Farm |
| 19:38 | Research | Horse Collar |
| 20:14 | Build | Farm |
| 20:19 | Build | Farm |
| 20:27 | Create | Spearman |
| 20:27 | Create | Spearman |
| 20:37 | Research | Double-Bit Axe |
| 20:46 | Build | Mill |
| 21:09 | Build | Farm |
| 21:11 | Build | Farm |
| 22:07 | Build | Farm |
| 22:25 | Create | Villager (Male) |
| 22:37 | Build | Market |
| 22:49 | Research | Castle Age |
| 23:03 | Create | Scout Cavalry |
| 23:03 | Create | Scout Cavalry |
| 23:34 | Create | Scout Cavalry |
| 23:35 | Create | Scout Cavalry |
| 23:35 | Create | Scout Cavalry |
| 23:35 | Create | Scout Cavalry |
| 24:05 | Build | Stable |
| 24:29 | Build | Stable |
| 24:43 | Research | Wheelbarrow |
| 24:56 | Create | Trade Cart |
| 25:10 | Build | House |
| 25:11 | Build | House |
| 25:11 | Build | House |
| 25:45 | Build | Town Center |
| 26:03 | Research | Light Cavalry (upgrade) |
| 26:07 | Research | Husbandry |
| 26:15 | Create | Scout Cavalry |
| 26:16 | Create | Scout Cavalry |
| 26:16 | Create | Scout Cavalry |
| 26:16 | Create | Scout Cavalry |
| 26:16 | Create | Scout Cavalry |
| 26:17 | Create | Scout Cavalry |
| 26:17 | Create | Scout Cavalry |
| 26:17 | Create | Scout Cavalry |
| 26:17 | Create | Scout Cavalry |
| 26:18 | Create | Scout Cavalry |
| 26:18 | Create | Scout Cavalry |
| 26:18 | Create | Scout Cavalry |
| 26:19 | Create | Scout Cavalry |
| 26:29 | Create | Villager (Male) |
| 26:29 | Create | Villager (Male) |
| 26:29 | Create | Villager (Male) |
| 26:30 | Create | Villager (Male) |
| 27:10 | Build | Farm |
| 27:11 | Build | Farm |
| 27:13 | Build | Farm |
| 27:27 | Build | Farm |
| 27:30 | Create | Villager (Male) |
| 27:31 | Create | Villager (Male) |
| 27:31 | Create | Villager (Male) |
| 27:31 | Create | Villager (Male) |
| 27:31 | Create | Villager (Male) |
| 28:01 | Create | Villager (Male) |
| 28:01 | Create | Villager (Male) |
| 28:02 | Create | Villager (Male) |
| 28:02 | Create | Villager (Male) |
| 28:07 | Build | Lumber Camp |
Build order — alexfbjj93
First 150 of 365 actions detected
| 0:05 | Build | House |
| 0:06 | Create | Villager (Male) |
| 0:06 | Create | Villager (Male) |
| 0:06 | Create | Villager (Male) |
| 0:07 | Create | Villager (Male) |
| 0:09 | Build | House |
| 1:47 | Create | Villager (Male) |
| 2:09 | Create | Villager (Male) |
| 2:37 | Build | Lumber Camp |
| 2:48 | Create | Villager (Male) |
| 3:19 | Create | Villager (Male) |
| 3:40 | Create | Villager (Male) |
| 4:01 | Build | House |
| 4:02 | Build | House |
| 4:30 | Create | Villager (Male) |
| 4:30 | Create | Villager (Male) |
| 4:34 | Create | Villager (Male) |
| 4:53 | Create | Villager (Male) |
| 5:44 | Create | Villager (Male) |
| 6:38 | Build | Mill |
| 6:46 | Create | Villager (Male) |
| 7:31 | Research | Feudal Age |
| 8:00 | Build | Barracks |
| 8:18 | Build | Mill |
| 9:30 | Build | Mining Camp |
| 9:47 | Create | Villager (Male) |
| 9:47 | Create | Villager (Male) |
| 9:48 | Create | Villager (Male) |
| 9:48 | Create | Villager (Male) |
| 9:56 | Research | Double-Bit Axe |
| 10:21 | Build | Stone Wall |
| 11:36 | Create | Villager (Male) |
| 11:36 | Create | Villager (Male) |
| 11:37 | Create | Villager (Male) |
| 11:47 | Build | Blacksmith |
| 12:01 | Build | Farm |
| 12:01 | Build | Farm |
| 12:34 | Build | Stone Wall |
| 12:51 | Research | Wheelbarrow |
| 13:06 | Build | House |
| 13:10 | Build | House |
| 13:11 | Build | House |
| 13:13 | Build | House |
| 13:17 | Build | House |
| 13:19 | Build | House |
| 13:56 | Create | Villager (Male) |
| 13:56 | Create | Villager (Male) |
| 13:57 | Create | Villager (Male) |
| 14:09 | Build | Mining Camp |
| 14:36 | Build | Building 673 |
| 14:42 | Create | Spearman |
| 14:42 | Create | Spearman |
| 15:19 | Create | Villager (Male) |
| 15:19 | Create | Villager (Male) |
| 15:36 | Build | Stone Wall |
| 15:50 | Build | Stone Wall |
| 16:24 | Create | Villager (Male) |
| 16:25 | Create | Villager (Male) |
| 16:25 | Create | Villager (Male) |
| 16:25 | Create | Villager (Male) |
| 16:38 | Build | Market |
| 16:55 | Create | Spearman |
| 16:56 | Create | Spearman |
| 17:11 | Build | Farm |
| 17:11 | Build | Farm |
| 17:12 | Build | Farm |
| 17:42 | Build | Lumber Camp |
| 17:49 | Create | Villager (Male) |
| 17:50 | Create | Villager (Male) |
| 18:02 | Build | Farm |
| 18:04 | Build | Farm |
| 18:22 | Create | Villager (Male) |
| 18:50 | Create | Spearman |
| 18:50 | Create | Spearman |
| 18:50 | Create | Spearman |
| 19:14 | Build | Stone Wall |
| 19:18 | Create | Spearman |
| 19:19 | Create | Spearman |
| 19:42 | Create | Villager (Male) |
| 19:43 | Create | Villager (Male) |
| 19:44 | Create | Villager (Male) |
| 20:20 | Create | Spearman |
| 21:05 | Build | Stone Wall |
| 21:35 | Build | Stone Wall |
| 22:06 | Build | Stone Wall |
| 22:17 | Create | Villager (Male) |
| 22:17 | Create | Villager (Male) |
| 22:17 | Create | Villager (Male) |
| 22:31 | Build | Farm |
| 22:32 | Build | Farm |
| 22:32 | Build | Farm |
| 22:32 | Build | Farm |
| 22:49 | Research | Man-at-Arms (upgrade) |
| 23:30 | Build | Building 673 |
| 23:47 | Research | Castle Age |
| 24:16 | Build | Building 665 |
| 24:36 | Build | House |
| 24:37 | Build | House |
| 24:37 | Build | House |
| 24:37 | Build | House |
| 24:38 | Build | House |
| 24:38 | Build | House |
| 24:38 | Build | House |
| 24:39 | Build | House |
| 24:40 | Build | House |
| 24:40 | Build | House |
| 24:40 | Build | House |
| 24:41 | Build | House |
| 24:41 | Build | House |
| 24:42 | Build | House |
| 24:42 | Build | House |
| 24:42 | Build | House |
| 24:47 | Create | Militia |
| 24:48 | Create | Militia |
| 24:48 | Create | Militia |
| 24:48 | Create | Militia |
| 24:49 | Create | Militia |
| 25:14 | Build | Barracks |
| 25:14 | Build | Barracks |
| 25:14 | Build | Barracks |
| 25:15 | Build | Barracks |
| 25:15 | Build | Barracks |
| 26:01 | Build | Farm |
| 26:01 | Build | Farm |
| 26:01 | Build | Farm |
| 26:17 | Create | Militia |
| 26:17 | Create | Militia |
| 26:17 | Create | Militia |
| 26:18 | Create | Militia |
| 26:21 | Research | Forging |
| 26:22 | Research | Scale Mail Armor |
| 26:42 | Build | Farm |
| 26:45 | Create | Villager (Male) |
| 26:45 | Create | Villager (Male) |
| 26:46 | Create | Villager (Male) |
| 26:52 | Create | Villager (Male) |
| 27:11 | Build | Town Center |
| 27:28 | Research | Long Swordsman (upgrade) |
| 27:37 | Create | Militia |
| 28:18 | Research | Iron Casting |
| 28:24 | Create | Militia |
| 28:34 | Create | Villager (Male) |
| 28:58 | Research | Pikeman (upgrade) |
| 29:49 | Build | Stone Wall |
| 30:03 | Research | Loom |
| 30:13 | Create | Spearman |
| 30:13 | Create | Spearman |
| 30:13 | Create | Spearman |
| 30:14 | Create | Spearman |
| 30:14 | Create | Spearman |
Match timeline
| 8:00 | alexfbjj93 · first_building Barracks |
| 8:10 | mananga · first_building Barracks |
| 8:20 | grumpyopossum86187 · wall_segment Palisade Wall x6 |
| 8:48 | grumpyopossum86187 · wall_segment Palisade Wall x9 |
| 9:01 | mananga · wall_segment Palisade Wall x6 |
| 9:09 | Landroshien · wall_segment Palisade Wall x11 |
| 9:24 | Landroshien · wall_segment Palisade Wall x15 |
| 9:29 | grumpyopossum86187 · first_building Barracks |
| 9:34 | mananga · age_up feudal |
| 9:40 | mananga · first_building Archery Range |
| 9:46 | grumpyopossum86187 · age_up feudal |
| 10:02 | Landroshien · first_building Barracks |
| 10:21 | alexfbjj93 · wall_segment Stone Wall x15 |
| 10:52 | grumpyopossum86187 · wall_segment Palisade Wall x5 |
| 10:56 | grumpyopossum86187 · wall_segment Palisade Wall x4 |
| 10:57 | Landroshien · first_building Stable |
| 11:10 | Landroshien · wall_segment Palisade Wall x7 |
| 12:14 | Landroshien · wall_segment Palisade Wall x8 |
| 12:29 | Landroshien · wall_segment Palisade Wall x3 |
| 12:34 | alexfbjj93 · wall_segment Stone Wall x7 |
| 12:36 | mananga · wall_segment Palisade Wall x5 |
| 12:45 | grumpyopossum86187 · wall_segment Stone Wall x3 |
| 13:17 | grumpyopossum86187 · wall_segment Palisade Wall x6 |
| 13:23 | grumpyopossum86187 · first_building Stable |
| 13:34 | mananga · wall_segment Palisade Wall x3 |
| 15:36 | alexfbjj93 · wall_segment Stone Wall x8 |
| 15:50 | alexfbjj93 · wall_segment Stone Wall x9 |
| 16:34 | grumpyopossum86187 · wall_segment Stone Wall x9 |
| 17:52 | mananga · wall_segment Palisade Wall x10 |
| 19:14 | alexfbjj93 · wall_segment Stone Wall x19 |
| 19:40 | grumpyopossum86187 · wall_segment Stone Wall x12 |
| 19:49 | mananga · age_up castle |
| 20:32 | mananga · first_building Monastery |
| 21:05 | alexfbjj93 · wall_segment Stone Wall x26 |
| 21:14 | grumpyopossum86187 · age_up castle |
| 21:35 | alexfbjj93 · wall_segment Stone Wall x3 |
| 22:06 | alexfbjj93 · wall_segment Stone Wall x8 |
| 23:50 | Landroshien · first_market_buy 100 food |
| 25:29 | grumpyopossum86187 · first_building Monastery |
| 27:02 | Landroshien · first_market_sell 100 food |
| 29:25 | mananga · first_building Castle |
| 29:30 | grumpyopossum86187 · first_building Archery Range |
| 29:49 | alexfbjj93 · wall_segment Stone Wall x4 |
| 33:29 | grumpyopossum86187 · first_building Castle |
| 33:51 | alexfbjj93 · wall_segment Stone Wall x5 |
| 34:36 | alexfbjj93 · first_building Castle |
| 35:16 | alexfbjj93 · first_market_buy 100 food |
| 37:12 | grumpyopossum86187 · wall_segment Stone Wall x9 |
| 37:16 | grumpyopossum86187 · wall_segment Stone Wall x10 |
| 37:52 | mananga · first_market_buy 100 wood |
| 38:12 | grumpyopossum86187 · wall_segment Stone Wall x10 |
| 38:13 | grumpyopossum86187 · wall_segment Stone Wall x1 |
| 38:17 | grumpyopossum86187 · wall_segment Stone Wall x7 |
| 38:21 | grumpyopossum86187 · wall_segment Stone Wall x3 |
| 38:30 | mananga · age_up imperial |
| 39:15 | Landroshien · first_building Castle |
| 39:36 | grumpyopossum86187 · first_market_buy 100 food |
| 40:36 | mananga · first_market_sell 100 food |
| 42:10 | grumpyopossum86187 · wall_segment Stone Wall x11 |
| 42:35 | grumpyopossum86187 · first_building Siege Workshop |
| 42:55 | grumpyopossum86187 · age_up imperial |
| 47:46 | alexfbjj93 · first_building Monastery |
| 48:21 | grumpyopossum86187 · tribute_sent a jugador 2 |
| 48:21 | grumpyopossum86187 · tribute_sent a jugador 3 |
| 48:21 | grumpyopossum86187 · tribute_sent a jugador 4 |
| 49:59 | grumpyopossum86187 · resign |
[ AI ANALYSIS · 1 CREDIT ]
What really happened in this match?
Wolo.gg analyzes every decision: build order, eco, micro, common mistakes by bracket. Personalized analysis on WhatsApp or Discord in 30 seconds.
Civ guide
Italians
Perfil
Jugador #24333733